Long Beach Ice Dogs vs Edmonton Oil Kings
Created - Saturday, May 13, 2023 at 07:00
Goals
|
| Long Beach Ice Dogs |
3 |
2 |
2 |
7 |
| Edmonton Oil Kings |
0 |
6 |
0 |
6 |
|
Shots
|
| Long Beach Ice Dogs |
9 |
13 |
19 |
41 |
| Edmonton Oil Kings |
15 |
13 |
14 |
42 |
|
1st period
1. Long Beach Ice Dogs , Gabriel Vilardi 32 (Brendan Gallagher 36, Logan Brown 10) at 2:40
2. Long Beach Ice Dogs , Shane Bowers 3 (Olli Juolevi 4, Jansen Harkins 13) at 11:59
3. Long Beach Ice Dogs , Darren Helm 15 (Gabriel Vilardi 32, Brendan Gallagher 37) at 12:14
Penalties :
No Penalty
2nd period
4. Edmonton Oil Kings , Noah Gregor 20 (Dylan Holloway 7) at 4:38
5. Edmonton Oil Kings , Dawson Mercer 36 (Noah Gregor 28) at 8:53 (PP)
6. Long Beach Ice Dogs , Darren Helm 16 (Brendan Gallagher 38, Gabriel Vilardi 33) at 9:34
7. Edmonton Oil Kings , Dawson Mercer 37 (Dysin Mayo 28) at 11:39 (PP)
8. Edmonton Oil Kings , Dillon Dube 27 (Noah Gregor 29, Jack Johnson 20) at 12:56
9. Edmonton Oil Kings , Filip Zadina 25 (Dawson Mercer 57) at 15:57
10. Long Beach Ice Dogs , Victor Rask 24 (Alex Galchenyuk 22, Justin Schultz 24) at 16:43 (PP)
11. Edmonton Oil Kings , Filip Zadina 26 (Dawson Mercer 58, Ryan McLeod 36) at 16:49
Penalties :
Brendan Gallagher (TRM) for Tripping (Minor) at 7:53, Mark Pysyk (TRM) for Hooking (Minor) at 10:33, Jack Johnson (EOK) for Hooking (Minor) at 16:04, Brendan Gallagher (TRM) for Hooking (Minor) at 18:56
3rd period
12. Long Beach Ice Dogs , Shane Bowers 4 (Jansen Harkins 14, William Lagesson 22) at 8:53
13. Long Beach Ice Dogs , Alex Galchenyuk 15 (Janis Moser 4, Zack Kassian 24) at 14:01
Penalties :
Alex Galchenyuk (TRM) for Holding (Minor) at 1:24, Alex Galchenyuk (TRM) for Hooking (Minor) at 6:05
Goalie Stats
Lukas Dostal (TRM), 36 saves from 42 shots - (0.857), W, 8-9-1, 60:00 minutes
Karel Vejmelka (EOK), 25 saves from 28 shots - (0.893), L, 17-6-1, 30:26 minutes
Adam Huska (EOK), 9 saves from 13 shots - (0.692), 29:34 minutes
Players Stats for Long Beach Ice Dogs
Player Name G A P +/- PIM S H SB GA TA FO MP PP MP PK MP
------------------------------------------------------------------------------------
Alex Galchenyuk 1 1 2 0 4 1 0 1 1 0 1/3 14:08 0:15 0:01
Brendan Gallagher 0 3 3 2 4 2 2 0 1 0 0/2 17:59 0:24 2:08
Darren Helm 2 0 2 2 0 2 0 3 1 1 1/6 19:45 0:24 3:57
Gabriel Vilardi 1 2 3 2 0 5 2 0 0 0 10/27 19:52 0:24 3:59
Janis Moser 0 1 1 1 0 5 1 2 0 1 0/0 21:21 0:00 4:16
Jansen Harkins 0 2 2 2 0 3 0 1 1 0 0/0 8:21 0:00 0:00
Jujhar Khaira 0 0 0 -2 0 2 1 0 0 0 0/0 13:41 0:00 0:00
Justin Schultz 0 1 1 0 0 1 0 0 0 0 0/0 23:14 0:39 3:47
Logan Brown 0 1 1 -2 0 5 1 0 1 0 3/7 15:41 0:00 2:00
Mark Pysyk 0 0 0 0 2 1 3 4 1 4 0/0 22:26 0:39 3:00
Mathieu Olivier 0 0 0 -2 0 1 2 0 0 1 1/1 13:41 0:00 0:00
Olli Juolevi 0 1 1 1 0 2 3 2 0 0 0/0 16:12 0:00 0:47
Riley Stillman 0 0 0 1 0 2 1 2 0 0 0/0 21:21 0:00 4:16
Shane Bowers 2 0 2 2 0 2 2 1 0 0 1/2 8:21 0:00 0:00
Trey Fix-Wolansky 0 0 0 2 0 0 1 1 0 0 0/0 8:21 0:00 0:00
Victor Rask 1 0 1 0 0 4 0 2 0 0 1/8 18:03 0:15 4:01
William Lagesson 0 1 1 1 0 1 1 0 0 0 0/0 15:25 0:00 0:00
Zack Kassian 0 1 1 0 0 2 0 2 0 0 3/5 14:00 0:15 0:00
Players Stats for Edmonton Oil Kings
Player Name G A P +/- PIM S H SB GA TA FO MP PP MP PK MP
------------------------------------------------------------------------------------
Brett Kulak 0 0 0 -3 0 2 3 2 0 0 0/0 22:42 2:31 0:12
Connor McMichael 0 0 0 -1 0 4 1 0 0 0 0/0 8:06 0:00 0:00
Dawson Mercer 2 2 4 1 0 7 0 0 1 0 9/12 23:22 5:27 0:00
Dillon Dube 1 0 1 1 0 2 2 0 0 0 0/0 20:50 5:27 0:00
Dylan Holloway 0 1 1 1 0 0 0 0 0 0 5/9 13:55 0:00 0:00
Dysin Mayo 0 1 1 1 0 3 3 2 0 1 0/0 28:00 5:32 0:27
Filip Zadina 2 0 2 1 0 3 3 0 2 0 1/2 19:10 2:36 0:00
Gabriel Carlsson 0 0 0 -3 0 2 1 2 0 0 0/0 22:30 2:31 0:00
Jack Johnson 0 1 1 1 2 6 1 0 0 3 0/0 21:31 0:00 0:00
Joey Anderson 0 0 0 -3 0 5 1 0 1 0 0/0 13:58 2:36 0:00
Josh Mahura 0 0 0 0 0 0 0 0 0 0 0/0 15:46 5:32 0:27
Julien Gauthier 0 0 0 -1 0 0 0 0 1 0 0/0 8:11 0:00 0:05
Libor Hajek 0 0 0 0 0 1 0 0 0 0 0/0 9:30 0:00 0:12
Morgan Barron 0 0 0 -3 0 0 0 1 0 0 0/0 11:20 0:00 0:05
Nikita Alexandrov 0 0 0 -1 0 0 1 0 0 0 3/3 8:06 0:00 0:00
Noah Gregor 1 2 3 1 0 4 1 0 2 1 0/1 20:10 5:27 0:34
Ryan McLeod 0 1 1 1 0 2 0 2 0 1 20/29 20:58 2:36 0:34
Tyler Angle 0 0 0 -3 0 1 2 0 0 0 2/5 11:15 0:00 0:00
3 Stars
1 - Dawson Mercer (EOK)
2 - Shane Bowers (TRM)
3 - Gabriel Vilardi (TRM)
Power Play
Long Beach Ice Dogs - 1 on 1 Attempt(s) - 100.00%
Edmonton Oil Kings - 2 on 5 Attempt(s) - 40.00%
Penalty Kill
Long Beach Ice Dogs - 3 on 5 Attempt(s) - 60.00%
- Score 0 goal in Penalty Kill
Edmonton Oil Kings - 0 on 1 Attempt(s) - 0.00%
- Score 0 goal in Penalty Kill
Team Stat
Long Beach Ice Dogs - Hits : 20 - Faceoff Wins : 21 - Blocked Shots : 21 - Penalty Minutes : 10
Edmonton Oil Kings - Hits : 19 - Faceoff Wins : 40 - Blocked Shots : 9 - Penalty Minutes : 2
Official
Referees : Frederick L'Ecuyer and Mike Hasenfratz
Linesman : Don Henderson and Brandon Gawryletz
Game Notes
Karel Vejmelka enters game at 9:34 of 2nd period
Long Beach Ice Dogs
5 vs 5 Forward
Center Left Wing Right Wing Time % Phy DF OF
1 Gabriel Vilardi Darren Helm Brendan Gallagher 30 1 2 2
2 Victor Rask Alex Galchenyuk Zack Kassian 30 1 2 2
3 Logan Brown Jujhar Khaira Mathieu Olivier 25 1 2 2
4 Shane Bowers Jansen Harkins Trey Fix-Wolansky 15 1 2 2
5 vs 5 Defense
Defense Defense Time % Phy DF OF
1 Mark Pysyk Justin Schultz 35 1 2 2
2 Janis Moser Riley Stillman 35 1 2 2
3 William Lagesson Olli Juolevi 30 1 2 2
4 Mark Pysyk Justin Schultz 0 1 2 2
PowerPlay Forward
Center Left Wing Right Wing Time % Phy DF OF
1 Gabriel Vilardi Darren Helm Brendan Gallagher 50 1 2 2
2 Victor Rask Alex Galchenyuk Zack Kassian 50 1 2 2
PowerPlay Defense
Defense Defense Time % Phy DF OF
1 Mark Pysyk Justin Schultz 50 1 2 2
2 Janis Moser Riley Stillman 50 1 2 2
Penalty Kill 4 Players Forward
Center Wing Time % Phy DF OF
1 Gabriel Vilardi Brendan Gallagher 50 1 2 2
2 Darren Helm Victor Rask 50 1 2 2
Penalty Kill 4 Players Defense
Defense Defense Time % Phy DF OF
1 Mark Pysyk Justin Schultz 50 1 2 2
2 Janis Moser Riley Stillman 50 1 2 2
Penalty Kill - 3 Players Forward
Forward Time % Phy DF OF
1 Gabriel Vilardi 50 1 2 2
2 Brendan Gallagher 50 1 2 2
Penalty Kill - 3 Players Defense
Defense Defense Time % Phy DF OF
1 Mark Pysyk Justin Schultz 50 1 2 2
2 Janis Moser Riley Stillman 50 1 2 2
4 vs 4 Forward
Center Wing Time % Phy DF OF
1 Gabriel Vilardi Brendan Gallagher 50 1 2 2
2 Darren Helm Victor Rask 50 1 2 2
4 vs 4 Defense
Defense Defense Time % Phy DF OF
1 Mark Pysyk Justin Schultz 50 1 2 2
2 Janis Moser Riley Stillman 50 1 2 2
Last Minutes Offensive
Center Left Wing Right Wing Defense Defense
Gabriel Vilardi Darren Helm Brendan Gallagher Mark Pysyk Justin Schultz
Last Minutes Defensive
Center Left Wing Right Wing Defense Defense
Gabriel Vilardi Darren Helm Brendan Gallagher Mark Pysyk Justin Schultz
Goaltenders
Starting : Lukas Dostal
Backup : Spencer Martin
Extra Forwards
Normal : Shane Bowers, Jujhar Khaira, Logan Brown - PP : Shane Bowers, Jujhar Khaira - PK : Logan Brown
Extra Defensemen
Normal : William Lagesson, Olli Juolevi, Janis Moser - PP : William Lagesson - PK : Olli Juolevi, Janis Moser
Penalty Shots
Gabriel Vilardi, Brendan Gallagher, Darren Helm, Victor Rask, Alex Galchenyuk
Edmonton Oil Kings
5 vs 5 Forward
Center Left Wing Right Wing Time % Phy DF OF
1 Ryan McLeod Filip Zadina Dawson Mercer 40 0 2 3
2 Dylan Holloway Noah Gregor Dillon Dube 30 0 2 3
3 Tyler Angle Morgan Barron Joey Anderson 20 0 2 3
4 Nikita Alexandrov Connor McMichael Julien Gauthier 10 0 2 3
5 vs 5 Defense
Defense Defense Time % Phy DF OF
1 Dysin Mayo Jack Johnson 40 1 3 1
2 Brett Kulak Gabriel Carlsson 40 1 4 0
3 Libor Hajek Josh Mahura 20 1 3 1
4 Dysin Mayo Jack Johnson 0 1 2 2
PowerPlay Forward
Center Left Wing Right Wing Time % Phy DF OF
1 Dawson Mercer Noah Gregor Dillon Dube 60 0 0 5
2 Ryan McLeod Filip Zadina Joey Anderson 40 0 1 4
PowerPlay Defense
Defense Defense Time % Phy DF OF
1 Dysin Mayo Josh Mahura 60 0 1 4
2 Brett Kulak Gabriel Carlsson 40 0 1 4
Penalty Kill 4 Players Forward
Center Wing Time % Phy DF OF
1 Ryan McLeod Noah Gregor 60 1 4 0
2 Dawson Mercer Dillon Dube 40 1 4 0
Penalty Kill 4 Players Defense
Defense Defense Time % Phy DF OF
1 Dysin Mayo Jack Johnson 60 1 4 0
2 Brett Kulak Libor Hajek 40 1 4 0
Penalty Kill - 3 Players Forward
Forward Time % Phy DF OF
1 Ryan McLeod 60 1 4 0
2 Noah Gregor 40 1 4 0
Penalty Kill - 3 Players Defense
Defense Defense Time % Phy DF OF
1 Dysin Mayo Jack Johnson 60 1 4 0
2 Brett Kulak Libor Hajek 40 1 4 0
4 vs 4 Forward
Center Wing Time % Phy DF OF
1 Ryan McLeod Dillon Dube 60 0 2 3
2 Dawson Mercer Noah Gregor 40 0 2 3
4 vs 4 Defense
Defense Defense Time % Phy DF OF
1 Dysin Mayo Jack Johnson 60 0 3 2
2 Brett Kulak Josh Mahura 40 0 2 3
Last Minutes Offensive
Center Left Wing Right Wing Defense Defense
Ryan McLeod Dillon Dube Dawson Mercer Dysin Mayo Jack Johnson
Last Minutes Defensive
Center Left Wing Right Wing Defense Defense
Ryan McLeod Noah Gregor Dillon Dube Dysin Mayo Jack Johnson
Goaltenders
Starting : Adam Huska
Backup : Karel Vejmelka
Extra Forwards
Normal : Nikita Alexandrov, Connor McMichael, Julien Gauthier - PP : Nikita Alexandrov, Connor McMichael - PK : Julien Gauthier
Extra Defensemen
Normal : Libor Hajek, Josh Mahura, Brett Kulak - PP : Libor Hajek - PK : Josh Mahura, Brett Kulak
Penalty Shots
Dawson Mercer, Dillon Dube, Noah Gregor, Filip Zadina, Ryan McLeod
% Time on Ice - Long Beach Ice Dogs
Lines # - Real PCT - Wanted PCT - Time Play
Normal Forward
1 - 28% - 30% - 14:16
2 - 28% - 30% - 13:47
3 - 27% - 25% - 13:41
4 - 17% - 15% - 8:21
Normal Defense
1 - 35% - 35% - 17:35
2 - 34% - 35% - 17:05
3 - 30% - 30% - 15:14
4 - 0% - 0% - 0:11
PP Forward
1 - 62% - 50% - 0:24
2 - 38% - 50% - 0:15
PP Defense
1 - 100% - 50% - 0:39
2 - 0% - 50% - 0:00
PK Forward
1 - 49% - 50% - 3:59
2 - 51% - 50% - 4:04
PK Defense
1 - 47% - 50% - 3:47
2 - 53% - 50% - 4:16
PK3 Forward
1 - 0% - 50%
2 - 0% - 50%
PK3 Defense
1 - 0% - 50%
2 - 0% - 50%
44 Forward
1 - 0% - 50%
2 - 0% - 50%
44 Defense
1 - 0% - 50%
2 - 0% - 50%
Last Minute Offensive - 0:00
Last Minute Defensive - 1:13
Total
Forward - 60:00
Defense - 60:00
|
% Time on Ice - Edmonton Oil Kings
Lines # - Real PCT - Wanted PCT - Time Play
Normal Forward
1 - 33% - 40% - 16:41
2 - 28% - 30% - 14:02
3 - 22% - 20% - 11:15
4 - 16% - 10% - 8:06
Normal Defense
1 - 40% - 40% - 20:01
2 - 40% - 40% - 19:52
3 - 19% - 20% - 9:18
4 - 2% - 0% - 0:53
PP Forward
1 - 68% - 60% - 5:27
2 - 32% - 40% - 2:36
PP Defense
1 - 69% - 60% - 5:32
2 - 31% - 40% - 2:31
PK Forward
1 - 100% - 60% - 0:39
2 - 0% - 40% - 0:00
PK Defense
1 - 69% - 60% - 0:27
2 - 31% - 40% - 0:12
PK3 Forward
1 - 0% - 60%
2 - 0% - 40%
PK3 Defense
1 - 0% - 60%
2 - 0% - 40%
44 Forward
1 - 0% - 60%
2 - 0% - 40%
44 Defense
1 - 0% - 60%
2 - 0% - 40%
Last Minute Offensive - 1:14
Last Minute Defensive - 0:00
Total
Forward - 60:00
Defense - 60:00
|
Play-by-Play
1st period
0:01 of 1st period - Ryan McLeod wins face-off versus Gabriel Vilardi in neutral zone.
0:21 of 1st period - Filip Zadina is hit by Gabriel Vilardi and loses puck.
0:38 of 1st period - Wrist shot by Victor Rask.
0:38 of 1st period - Shot Misses the Net.
0:40 of 1st period - Slapshot by Mark Pysyk.
0:40 of 1st period - Stopped by Adam Huska with a rebound.
0:42 of 1st period - Wrist shot by Mark Pysyk.
0:42 of 1st period - Shot Misses the Net.
1:27 of 1st period - Julien Gauthier is hit by Mathieu Olivier and loses puck.
1:45 of 1st period - Snap shot by Dawson Mercer.
1:45 of 1st period - Deflect By Ryan McLeod.
1:45 of 1st period - Stopped by Lukas Dostal without a rebound.
1:46 of 1st period - Dylan Holloway wins face-off versus Victor Rask in Long Beach Ice Dogs zone.
2:01 of 1st period - Alex Galchenyuk is hit by Noah Gregor and loses puck.
2:40 of 1st period - Slapshot by Gabriel Vilardi.
2:40 of 1st period - Goal by Gabriel Vilardi - Long Beach Ice Dogs : 1 - Edmonton Oil Kings : 0.
2:41 of 1st period - Dylan Holloway wins face-off versus Victor Rask in neutral zone.
3:35 of 1st period - Snap shot by Joey Anderson.
3:35 of 1st period - Shot Misses the Net.
3:54 of 1st period - Wrist shot by Brendan Gallagher.
3:54 of 1st period - Shot Blocked by Dysin Mayo.
3:56 of 1st period - Slapshot by Gabriel Vilardi.
3:56 of 1st period - Shot Misses the Net.
4:30 of 1st period - Riley Stillman is hit by Dysin Mayo and loses puck.
4:37 of 1st period - Backhand shot by Dawson Mercer.
4:37 of 1st period - Shot Blocked by Shane Bowers.
4:41 of 1st period - Snap shot by Dawson Mercer.
4:41 of 1st period - Shot Blocked by Riley Stillman.
4:43 of 1st period - Slapshot by Dysin Mayo.
4:43 of 1st period - Stopped by Lukas Dostal with a rebound.
5:47 of 1st period - Wrist shot by Dillon Dube.
5:47 of 1st period - Shot Blocked by Victor Rask.
5:58 of 1st period - Off-side.
5:59 of 1st period - Mathieu Olivier wins face-off versus Dawson Mercer in neutral zone.
6:08 of 1st period - Snap shot by Logan Brown.
6:08 of 1st period - Shot Blocked by Gabriel Carlsson.
6:10 of 1st period - Slapshot by Mark Pysyk.
6:10 of 1st period - Deflect By Jujhar Khaira.
6:10 of 1st period - Stopped by Adam Huska with a rebound.
6:49 of 1st period - Dillon Dube is hit by Olli Juolevi and loses puck.
7:00 of 1st period - Snap shot by Dillon Dube.
7:00 of 1st period - Stopped by Lukas Dostal with a rebound.
7:06 of 1st period - Libor Hajek is hit by Olli Juolevi.
7:16 of 1st period - Snap shot by Joey Anderson.
7:16 of 1st period - Deflect By Justin Schultz.
7:16 of 1st period - Stopped by Lukas Dostal with a rebound.
7:24 of 1st period - Mark Pysyk is hit by Dysin Mayo and loses puck.
7:47 of 1st period - Snap shot by Connor McMichael.
7:47 of 1st period - Shot Hit the Post.
7:49 of 1st period - Wrist shot by Julien Gauthier.
7:49 of 1st period - Shot Blocked by Mark Pysyk.
8:37 of 1st period - Wrist shot by Connor McMichael.
8:37 of 1st period - Stopped by Lukas Dostal with a rebound.
8:39 of 1st period - Slapshot by Jack Johnson.
8:39 of 1st period - Stopped by Lukas Dostal with a rebound.
8:57 of 1st period - Slapshot by Logan Brown.
8:57 of 1st period - Stopped by Adam Huska with a rebound.
9:09 of 1st period - Wrist shot by Dawson Mercer.
9:09 of 1st period - Stopped by Lukas Dostal with a rebound.
9:12 of 1st period - Icing by Olli Juolevi.
9:13 of 1st period - Victor Rask wins face-off versus Dylan Holloway in Long Beach Ice Dogs zone.
9:41 of 1st period - Off-side.
9:42 of 1st period - Ryan McLeod wins face-off versus Gabriel Vilardi in neutral zone.
10:34 of 1st period - Wrist shot by Joey Anderson.
10:34 of 1st period - Shot Blocked by Mark Pysyk.
10:36 of 1st period - Snap shot by Jack Johnson.
10:36 of 1st period - Stopped by Lukas Dostal with a rebound.
10:38 of 1st period - Snap shot by Tyler Angle.
10:38 of 1st period - Deflect By Joey Anderson.
10:38 of 1st period - Stopped by Lukas Dostal without a rebound.
10:39 of 1st period - Ryan McLeod wins face-off versus Gabriel Vilardi in Long Beach Ice Dogs zone.
11:39 of 1st period - Snap shot by Tyler Angle.
11:39 of 1st period - Shot Hit the Post.
11:41 of 1st period - Snap shot by Dysin Mayo.
11:41 of 1st period - Shot Misses the Net.
11:55 of 1st period - Snap shot by Jansen Harkins.
11:55 of 1st period - Stopped by Adam Huska with a rebound.
11:57 of 1st period - Wrist shot by Olli Juolevi.
11:57 of 1st period - Stopped by Adam Huska with a rebound.
11:59 of 1st period - Wrist shot by Shane Bowers.
11:59 of 1st period - Goal by Shane Bowers - Long Beach Ice Dogs : 2 - Edmonton Oil Kings : 0.
12:00 of 1st period - Ryan McLeod wins face-off versus Gabriel Vilardi in neutral zone.
12:03 of 1st period - Riley Stillman is hit by Gabriel Carlsson and loses puck.
12:10 of 1st period - Slapshot by Brendan Gallagher.
12:10 of 1st period - Shot Blocked by Ryan McLeod.
12:12 of 1st period - Snap shot by Gabriel Vilardi.
12:12 of 1st period - Stopped by Adam Huska with a rebound.
12:14 of 1st period - Snap shot by Darren Helm.
12:14 of 1st period - Goal by Darren Helm - Long Beach Ice Dogs : 3 - Edmonton Oil Kings : 0.
12:15 of 1st period - Gabriel Vilardi wins face-off versus Ryan McLeod in neutral zone.
12:22 of 1st period - Gabriel Carlsson is hit by Brendan Gallagher and loses puck.
12:28 of 1st period - Icing by Brett Kulak.
12:29 of 1st period - Ryan McLeod wins face-off versus Alex Galchenyuk in Edmonton Oil Kings zone.
12:42 of 1st period - Wrist shot by Filip Zadina.
12:42 of 1st period - Shot Misses the Net.
12:44 of 1st period - Wrist shot by Gabriel Carlsson.
12:44 of 1st period - Stopped by Lukas Dostal with a rebound.
12:46 of 1st period - Snap shot by Ryan McLeod.
12:46 of 1st period - Shot Misses the Net.
13:00 of 1st period - Snap shot by Dawson Mercer.
13:00 of 1st period - Shot Misses the Net.
13:02 of 1st period - Snap shot by Ryan McLeod.
13:02 of 1st period - Shot Blocked by Alex Galchenyuk.
13:04 of 1st period - Slapshot by Brett Kulak.
13:04 of 1st period - Shot Blocked by Janis Moser.
13:10 of 1st period - Slapshot by Dawson Mercer.
13:10 of 1st period - Shot Misses the Net.
13:34 of 1st period - Wrist shot by Filip Zadina.
13:34 of 1st period - Shot Blocked by Zack Kassian.
13:50 of 1st period - Wrist shot by Filip Zadina.
13:50 of 1st period - Stopped by Lukas Dostal without a rebound.
13:51 of 1st period - Dylan Holloway wins face-off versus Darren Helm in Long Beach Ice Dogs zone.
14:17 of 1st period - Tyler Angle is hit by Mathieu Olivier and loses puck.
14:44 of 1st period - Snap shot by Joey Anderson.
14:44 of 1st period - Shot Misses the Net.
16:33 of 1st period - Ryan McLeod is hit by Olli Juolevi and loses puck.
16:50 of 1st period - Darren Helm is hit by Jack Johnson and loses puck.
17:45 of 1st period - Josh Mahura is hit by Brendan Gallagher and loses puck.
18:36 of 1st period - Snap shot by Joey Anderson.
18:36 of 1st period - Shot Blocked by Trey Fix-Wolansky.
18:38 of 1st period - Snap shot by Morgan Barron.
18:38 of 1st period - Deflect By Joey Anderson.
18:38 of 1st period - Stopped by Lukas Dostal with a rebound.
18:40 of 1st period - Wrist shot by Joey Anderson.
18:40 of 1st period - Stopped by Lukas Dostal without a rebound.
18:41 of 1st period - Ryan McLeod wins face-off versus Brendan Gallagher in Long Beach Ice Dogs zone.
18:42 of 1st period - Wrist shot by Dawson Mercer.
18:42 of 1st period - Stopped by Lukas Dostal with a rebound.
18:44 of 1st period - Snap shot by Ryan McLeod.
18:44 of 1st period - Stopped by Lukas Dostal with a rebound.
18:46 of 1st period - Slapshot by Jack Johnson.
18:46 of 1st period - Shot Misses the Net.
18:48 of 1st period - Wrist shot by Ryan McLeod.
18:48 of 1st period - Shot Blocked by Mark Pysyk.
19:34 of 1st period - Dysin Mayo is hit by William Lagesson.
Goals for this period are 3 for Long Beach Ice Dogs vs 0 for Edmonton Oil Kings.
Shots for this period are 9 for Long Beach Ice Dogs vs 15 for Edmonton Oil Kings.
2nd period
0:01 of 2nd period - Ryan McLeod wins face-off versus Gabriel Vilardi in neutral zone.
0:04 of 2nd period - Brendan Gallagher is hit by Brett Kulak and loses puck.
0:27 of 2nd period - Dillon Dube is hit by Jujhar Khaira and loses puck.
0:50 of 2nd period - Wrist shot by Joey Anderson.
0:50 of 2nd period - Shot Blocked by Riley Stillman.
0:52 of 2nd period - Slapshot by Brett Kulak.
0:52 of 2nd period - Shot Blocked by Janis Moser.
1:16 of 2nd period - Slapshot by Janis Moser.
1:16 of 2nd period - Stopped by Adam Huska without a rebound.
1:17 of 2nd period - Ryan McLeod wins face-off versus Darren Helm in Edmonton Oil Kings zone.
2:07 of 2nd period - Morgan Barron is hit by Trey Fix-Wolansky and loses puck.
2:31 of 2nd period - Off-side.
2:32 of 2nd period - Nikita Alexandrov wins face-off versus Brendan Gallagher in neutral zone.
2:35 of 2nd period - Slapshot by Julien Gauthier.
2:35 of 2nd period - Shot Blocked by Mark Pysyk.
2:37 of 2nd period - Snap shot by Connor McMichael.
2:37 of 2nd period - Shot Misses the Net.
2:39 of 2nd period - Wrist shot by Julien Gauthier.
2:39 of 2nd period - Shot Misses the Net.
2:47 of 2nd period - Wrist shot by Connor McMichael.
2:47 of 2nd period - Shot Misses the Net.
2:57 of 2nd period - Justin Schultz is hit by Brett Kulak and loses puck.
3:06 of 2nd period - Slapshot by Dawson Mercer.
3:06 of 2nd period - Stopped by Lukas Dostal with a rebound.
3:46 of 2nd period - William Lagesson is hit by Tyler Angle.
3:56 of 2nd period - Snap shot by Connor McMichael.
3:56 of 2nd period - Shot Misses the Net.
3:58 of 2nd period - Slapshot by Jack Johnson.
3:58 of 2nd period - Shot Misses the Net.
4:00 of 2nd period - Snap shot by Jack Johnson.
4:00 of 2nd period - Deflect By Brendan Gallagher.
4:00 of 2nd period - Stopped by Lukas Dostal with a rebound.
4:02 of 2nd period - Wrist shot by Jack Johnson.
4:02 of 2nd period - Shot Misses the Net.
4:04 of 2nd period - Slapshot by Connor McMichael.
4:04 of 2nd period - Shot Blocked by Darren Helm.
4:06 of 2nd period - Slapshot by Jack Johnson.
4:06 of 2nd period - Shot Blocked by Olli Juolevi.
4:18 of 2nd period - Backhand shot by Filip Zadina.
4:18 of 2nd period - Shot Blocked by Zack Kassian.
4:38 of 2nd period - Snap shot by Noah Gregor.
4:38 of 2nd period - Goal by Noah Gregor - Long Beach Ice Dogs : 3 - Edmonton Oil Kings : 1.
4:39 of 2nd period - Ryan McLeod wins face-off versus Gabriel Vilardi in neutral zone.
5:04 of 2nd period - Mark Pysyk is hit by Brett Kulak and loses puck.
5:09 of 2nd period - Snap shot by Noah Gregor.
5:09 of 2nd period - Shot Blocked by Victor Rask.
5:49 of 2nd period - Snap shot by Connor McMichael.
5:49 of 2nd period - Shot Misses the Net.
5:51 of 2nd period - Slapshot by Jack Johnson.
5:51 of 2nd period - Stopped by Lukas Dostal with a rebound.
6:05 of 2nd period - Snap shot by Brendan Gallagher.
6:05 of 2nd period - Stopped by Adam Huska with a rebound.
6:07 of 2nd period - Snap shot by Gabriel Vilardi.
6:07 of 2nd period - Shot Misses the Net.
6:09 of 2nd period - Snap shot by Gabriel Vilardi.
6:09 of 2nd period - Deflect By Brendan Gallagher.
6:09 of 2nd period - Stopped by Adam Huska with a rebound.
6:11 of 2nd period - Snap shot by Brendan Gallagher.
6:11 of 2nd period - Shot Blocked by Brett Kulak.
7:40 of 2nd period - Brendan Gallagher is hit by Dillon Dube and loses puck.
7:53 of 2nd period - Minor Penalty to Brendan Gallagher for Tripping.
7:54 of 2nd period - Dawson Mercer wins face-off versus Gabriel Vilardi in Long Beach Ice Dogs zone.
8:05 of 2nd period - Off-side.
8:06 of 2nd period - Dawson Mercer wins face-off versus Darren Helm in neutral zone.
8:32 of 2nd period - Logan Brown is hit by Filip Zadina.
8:43 of 2nd period - Off-side.
8:44 of 2nd period - Gabriel Vilardi wins face-off versus Dawson Mercer in neutral zone.
8:53 of 2nd period - Snap shot by Dawson Mercer.
8:53 of 2nd period - Goal by Dawson Mercer - Long Beach Ice Dogs : 3 - Edmonton Oil Kings : 2.
8:54 of 2nd period - Ryan McLeod wins face-off versus Victor Rask in neutral zone.
8:57 of 2nd period - Slapshot by Brett Kulak.
8:57 of 2nd period - Deflect By Dawson Mercer.
8:57 of 2nd period - Deflect By Justin Schultz.
8:57 of 2nd period - Shot Misses the Net.
8:57 of 2nd period - Puck is out of play.
8:58 of 2nd period - Zack Kassian wins face-off versus Ryan McLeod in Long Beach Ice Dogs zone.
9:34 of 2nd period - Wrist shot by Brendan Gallagher.
9:34 of 2nd period - Deflect By Darren Helm.
9:34 of 2nd period - Goal by Darren Helm - Long Beach Ice Dogs : 4 - Edmonton Oil Kings : 2.
9:34 of 2nd period - Karel Vejmelka enters game.
9:35 of 2nd period - Ryan McLeod wins face-off versus Logan Brown in neutral zone.
9:38 of 2nd period - Mathieu Olivier is hit by Filip Zadina and loses puck.
10:11 of 2nd period - Slapshot by Janis Moser.
10:11 of 2nd period - Stopped by Karel Vejmelka without a rebound.
10:12 of 2nd period - Dylan Holloway wins face-off versus Victor Rask in Edmonton Oil Kings zone.
10:33 of 2nd period - Minor Penalty to Mark Pysyk for Hooking.
10:34 of 2nd period - Dawson Mercer wins face-off versus Darren Helm in Long Beach Ice Dogs zone.
10:45 of 2nd period - Backhand shot by Dawson Mercer.
10:45 of 2nd period - Shot Misses the Net.
10:52 of 2nd period - Icing by Noah Gregor.
10:53 of 2nd period - Dawson Mercer wins face-off versus Darren Helm in Edmonton Oil Kings zone.
11:32 of 2nd period - Darren Helm is hit by Dysin Mayo and loses puck.
11:39 of 2nd period - Slapshot by Dawson Mercer.
11:39 of 2nd period - Goal by Dawson Mercer - Long Beach Ice Dogs : 4 - Edmonton Oil Kings : 3.
11:40 of 2nd period - Tyler Angle wins face-off versus Logan Brown in neutral zone.
12:05 of 2nd period - Brett Kulak is hit by Shane Bowers.
12:31 of 2nd period - Dawson Mercer is hit by Gabriel Vilardi and loses puck.
12:54 of 2nd period - Snap shot by Noah Gregor.
12:54 of 2nd period - Shot Misses the Net.
12:56 of 2nd period - Snap shot by Dillon Dube.
12:56 of 2nd period - Goal by Dillon Dube - Long Beach Ice Dogs : 4 - Edmonton Oil Kings : 4.
12:57 of 2nd period - Ryan McLeod wins face-off versus Gabriel Vilardi in neutral zone.
13:10 of 2nd period - Wrist shot by Dawson Mercer.
13:10 of 2nd period - Stopped by Lukas Dostal with a rebound.
13:12 of 2nd period - Slapshot by Jack Johnson.
13:12 of 2nd period - Stopped by Lukas Dostal with a rebound.
13:49 of 2nd period - Olli Juolevi is hit by Dillon Dube and loses puck.
14:46 of 2nd period - Wrist shot by Zack Kassian.
14:46 of 2nd period - Stopped by Karel Vejmelka without a rebound.
14:47 of 2nd period - Ryan McLeod wins face-off versus Victor Rask in Edmonton Oil Kings zone.
15:21 of 2nd period - Wrist shot by Tyler Angle.
15:21 of 2nd period - Shot Misses the Net.
15:23 of 2nd period - Slapshot by Dysin Mayo.
15:23 of 2nd period - Shot Blocked by Darren Helm.
15:33 of 2nd period - Wrist shot by Logan Brown.
15:33 of 2nd period - Stopped by Karel Vejmelka with a rebound.
15:39 of 2nd period - Mathieu Olivier is hit by Nikita Alexandrov and loses puck.
15:52 of 2nd period - Mathieu Olivier is hit by Filip Zadina and loses puck.
15:57 of 2nd period - Slapshot by Filip Zadina.
15:57 of 2nd period - Goal by Filip Zadina - Long Beach Ice Dogs : 4 - Edmonton Oil Kings : 5.
15:58 of 2nd period - Gabriel Vilardi wins face-off versus Ryan McLeod in neutral zone.
16:01 of 2nd period - Snap shot by Brendan Gallagher.
16:01 of 2nd period - Deflect By Gabriel Vilardi.
16:01 of 2nd period - Stopped by Karel Vejmelka without a rebound.
16:02 of 2nd period - Ryan McLeod wins face-off versus Victor Rask in Edmonton Oil Kings zone.
16:04 of 2nd period - Minor Penalty to Jack Johnson for Hooking.
16:05 of 2nd period - Ryan McLeod wins face-off versus Gabriel Vilardi in Edmonton Oil Kings zone.
16:43 of 2nd period - Wrist shot by Victor Rask.
16:43 of 2nd period - Goal by Victor Rask - Long Beach Ice Dogs : 5 - Edmonton Oil Kings : 5.
16:44 of 2nd period - Ryan McLeod wins face-off versus Gabriel Vilardi in neutral zone.
16:49 of 2nd period - Wrist shot by Filip Zadina.
16:49 of 2nd period - Goal by Filip Zadina - Long Beach Ice Dogs : 5 - Edmonton Oil Kings : 6.
16:50 of 2nd period - Ryan McLeod wins face-off versus Victor Rask in neutral zone.
17:40 of 2nd period - Morgan Barron is hit by Logan Brown.
17:44 of 2nd period - Wrist shot by Joey Anderson.
17:44 of 2nd period - Deflect By Tyler Angle.
17:44 of 2nd period - Stopped by Lukas Dostal without a rebound.
17:45 of 2nd period - Alex Galchenyuk wins face-off versus Ryan McLeod in Long Beach Ice Dogs zone.
17:49 of 2nd period - Off-side.
17:50 of 2nd period - Ryan McLeod wins face-off versus Zack Kassian in neutral zone.
18:05 of 2nd period - Wrist shot by Victor Rask.
18:05 of 2nd period - Stopped by Karel Vejmelka without a rebound.
18:06 of 2nd period - Dylan Holloway wins face-off versus Gabriel Vilardi in Edmonton Oil Kings zone.
18:10 of 2nd period - Off-side.
18:11 of 2nd period - Gabriel Vilardi wins face-off versus Dylan Holloway in neutral zone.
18:14 of 2nd period - Slapshot by Janis Moser.
18:14 of 2nd period - Stopped by Karel Vejmelka with a rebound.
18:22 of 2nd period - Wrist shot by Gabriel Vilardi.
18:22 of 2nd period - Deflect By Brendan Gallagher.
18:22 of 2nd period - Shot Blocked by Dysin Mayo.
18:22 of 2nd period - Puck is out of play.
18:23 of 2nd period - Filip Zadina wins face-off versus Alex Galchenyuk in Edmonton Oil Kings zone.
18:34 of 2nd period - Snap shot by Victor Rask.
18:34 of 2nd period - Stopped by Karel Vejmelka with a rebound.
18:36 of 2nd period - Slapshot by Zack Kassian.
18:36 of 2nd period - Shot Misses the Net.
18:38 of 2nd period - Slapshot by Justin Schultz.
18:38 of 2nd period - Shot Blocked by Ryan McLeod.
18:56 of 2nd period - Minor Penalty to Brendan Gallagher for Hooking.
18:57 of 2nd period - Dawson Mercer wins face-off versus Gabriel Vilardi in Long Beach Ice Dogs zone.
19:07 of 2nd period - Slapshot by Noah Gregor.
19:07 of 2nd period - Stopped by Lukas Dostal without a rebound.
19:08 of 2nd period - Dawson Mercer wins face-off versus Gabriel Vilardi in Long Beach Ice Dogs zone.
19:19 of 2nd period - Snap shot by Victor Rask.
19:19 of 2nd period - Stopped by Karel Vejmelka with a rebound.
19:43 of 2nd period - Slapshot by Filip Zadina.
19:43 of 2nd period - Shot Misses the Net.
Goals for this period are 2 for Long Beach Ice Dogs vs 6 for Edmonton Oil Kings.
Shots for this period are 13 for Long Beach Ice Dogs vs 13 for Edmonton Oil Kings.
3rd period
0:01 of 3rd period - Dawson Mercer wins face-off versus Gabriel Vilardi in neutral zone.
0:26 of 3rd period - Dillon Dube is hit by Mark Pysyk.
0:30 of 3rd period - Backhand shot by Noah Gregor.
0:30 of 3rd period - Stopped by Lukas Dostal with a rebound.
0:40 of 3rd period - Brett Kulak is hit by Janis Moser and loses puck.
0:56 of 3rd period - Penalty to Brendan Gallagher is over, Brendan Gallagher is back on ice.
1:02 of 3rd period - Snap shot by Gabriel Carlsson.
1:02 of 3rd period - Stopped by Lukas Dostal without a rebound.
1:03 of 3rd period - Zack Kassian wins face-off versus Tyler Angle in Long Beach Ice Dogs zone.
1:18 of 3rd period - Snap shot by Joey Anderson.
1:18 of 3rd period - Stopped by Lukas Dostal with a rebound.
1:24 of 3rd period - Minor Penalty to Alex Galchenyuk for Holding.
1:25 of 3rd period - Gabriel Vilardi wins face-off versus Dawson Mercer in Long Beach Ice Dogs zone.
3:24 of 3rd period - Penalty to Alex Galchenyuk is over, Alex Galchenyuk is back on ice.
3:30 of 3rd period - Noah Gregor is hit by Riley Stillman and loses puck.
3:49 of 3rd period - Wrist shot by Mathieu Olivier.
3:49 of 3rd period - Stopped by Karel Vejmelka with a rebound.
3:51 of 3rd period - Slapshot by Olli Juolevi.
3:51 of 3rd period - Stopped by Karel Vejmelka without a rebound.
3:52 of 3rd period - Nikita Alexandrov wins face-off versus Shane Bowers in Edmonton Oil Kings zone.
3:52 of 3rd period - Nikita Alexandrov is hit by Shane Bowers.
4:00 of 3rd period - Snap shot by Connor McMichael.
4:00 of 3rd period - Shot Blocked by Olli Juolevi.
4:02 of 3rd period - Slapshot by Gabriel Carlsson.
4:02 of 3rd period - Shot Blocked by Jansen Harkins.
4:04 of 3rd period - Slapshot by Brett Kulak.
4:04 of 3rd period - Deflect By Connor McMichael.
4:04 of 3rd period - Stopped by Lukas Dostal without a rebound.
4:05 of 3rd period - Tyler Angle wins face-off versus Gabriel Vilardi in Long Beach Ice Dogs zone.
4:14 of 3rd period - Snap shot by Brendan Gallagher.
4:14 of 3rd period - Shot Misses the Net.
4:16 of 3rd period - Wrist shot by Gabriel Vilardi.
4:16 of 3rd period - Stopped by Karel Vejmelka with a rebound.
4:18 of 3rd period - Slapshot by Mark Pysyk.
4:18 of 3rd period - Shot Blocked by Gabriel Carlsson.
4:20 of 3rd period - Wrist shot by Brendan Gallagher.
4:20 of 3rd period - Deflect By Brett Kulak.
4:20 of 3rd period - Shot Blocked by Brett Kulak.
4:20 of 3rd period - Puck is out of play.
4:21 of 3rd period - Logan Brown wins face-off versus Ryan McLeod in Edmonton Oil Kings zone.
4:28 of 3rd period - Snap shot by Logan Brown.
4:28 of 3rd period - Stopped by Karel Vejmelka without a rebound.
4:29 of 3rd period - Ryan McLeod wins face-off versus Logan Brown in Edmonton Oil Kings zone.
5:14 of 3rd period - Wrist shot by Jujhar Khaira.
5:14 of 3rd period - Stopped by Karel Vejmelka with a rebound.
5:16 of 3rd period - Snap shot by Logan Brown.
5:16 of 3rd period - Stopped by Karel Vejmelka without a rebound.
5:17 of 3rd period - Gabriel Vilardi wins face-off versus Noah Gregor in Edmonton Oil Kings zone.
5:18 of 3rd period - Snap shot by Brendan Gallagher.
5:18 of 3rd period - Deflect By Gabriel Vilardi.
5:18 of 3rd period - Shot Misses the Net.
5:18 of 3rd period - Puck is out of play.
5:19 of 3rd period - Gabriel Vilardi wins face-off versus Dylan Holloway in Edmonton Oil Kings zone.
5:48 of 3rd period - Wrist shot by Zack Kassian.
5:48 of 3rd period - Shot Misses the Net.
5:50 of 3rd period - Wrist shot by Zack Kassian.
5:50 of 3rd period - Stopped by Karel Vejmelka without a rebound.
5:51 of 3rd period - Ryan McLeod wins face-off versus Zack Kassian in Edmonton Oil Kings zone.
6:05 of 3rd period - Minor Penalty to Alex Galchenyuk for Hooking.
6:06 of 3rd period - Dawson Mercer wins face-off versus Gabriel Vilardi in Long Beach Ice Dogs zone.
6:41 of 3rd period - Snap shot by Filip Zadina.
6:41 of 3rd period - Deflect By Joey Anderson.
6:41 of 3rd period - Shot Misses the Net.
6:41 of 3rd period - Puck is out of play.
6:42 of 3rd period - Dawson Mercer wins face-off versus Gabriel Vilardi in Long Beach Ice Dogs zone.
8:05 of 3rd period - Penalty to Alex Galchenyuk is over, Alex Galchenyuk is back on ice.
8:14 of 3rd period - Slapshot by Logan Brown.
8:14 of 3rd period - Stopped by Karel Vejmelka with a rebound.
8:16 of 3rd period - Snap shot by Justin Schultz.
8:16 of 3rd period - Stopped by Karel Vejmelka without a rebound.
8:17 of 3rd period - Nikita Alexandrov wins face-off versus Logan Brown in Edmonton Oil Kings zone.
8:24 of 3rd period - Slapshot by Brett Kulak.
8:24 of 3rd period - Stopped by Lukas Dostal with a rebound.
8:28 of 3rd period - Wrist shot by Connor McMichael.
8:28 of 3rd period - Stopped by Lukas Dostal with a rebound.
8:30 of 3rd period - Slapshot by Brett Kulak.
8:30 of 3rd period - Deflect By Logan Brown.
8:30 of 3rd period - Stopped by Lukas Dostal with a rebound.
8:47 of 3rd period - Wrist shot by Trey Fix-Wolansky.
8:47 of 3rd period - Shot Misses the Net.
8:49 of 3rd period - Slapshot by William Lagesson.
8:49 of 3rd period - Stopped by Karel Vejmelka with a rebound.
8:51 of 3rd period - Slapshot by Jansen Harkins.
8:51 of 3rd period - Stopped by Karel Vejmelka with a rebound.
8:53 of 3rd period - Slapshot by Shane Bowers.
8:53 of 3rd period - Goal by Shane Bowers - Long Beach Ice Dogs : 6 - Edmonton Oil Kings : 6.
8:54 of 3rd period - Gabriel Vilardi wins face-off versus Ryan McLeod in neutral zone.
9:09 of 3rd period - Wrist shot by Dawson Mercer.
9:09 of 3rd period - Shot Misses the Net.
9:38 of 3rd period - Slapshot by Justin Schultz.
9:38 of 3rd period - Shot Misses the Net.
9:46 of 3rd period - Joey Anderson is hit by Mark Pysyk and loses puck.
10:27 of 3rd period - Backhand shot by Brendan Gallagher.
10:27 of 3rd period - Shot Misses the Net.
11:02 of 3rd period - Snap shot by Justin Schultz.
11:02 of 3rd period - Shot Misses the Net.
11:12 of 3rd period - Justin Schultz is hit by Joey Anderson and loses puck.
11:20 of 3rd period - Icing by Justin Schultz.
11:21 of 3rd period - Darren Helm wins face-off versus Ryan McLeod in Long Beach Ice Dogs zone.
12:08 of 3rd period - Snap shot by Jansen Harkins.
12:08 of 3rd period - Stopped by Karel Vejmelka with a rebound.
12:46 of 3rd period - Wrist shot by Noah Gregor.
12:46 of 3rd period - Stopped by Lukas Dostal with a rebound.
13:16 of 3rd period - Olli Juolevi is hit by Connor McMichael and loses puck.
13:57 of 3rd period - Snap shot by Zack Kassian.
13:57 of 3rd period - Shot Blocked by Morgan Barron.
13:59 of 3rd period - Slapshot by Janis Moser.
13:59 of 3rd period - Stopped by Karel Vejmelka with a rebound.
14:01 of 3rd period - Wrist shot by Alex Galchenyuk.
14:01 of 3rd period - Goal by Alex Galchenyuk - Long Beach Ice Dogs : 7 - Edmonton Oil Kings : 6.
14:02 of 3rd period - Gabriel Vilardi wins face-off versus Dylan Holloway in neutral zone.
14:09 of 3rd period - Snap shot by Gabriel Vilardi.
14:09 of 3rd period - Shot Misses the Net.
14:11 of 3rd period - Wrist shot by Gabriel Vilardi.
14:11 of 3rd period - Shot Misses the Net.
14:13 of 3rd period - Slapshot by Janis Moser.
14:13 of 3rd period - Stopped by Karel Vejmelka with a rebound.
14:15 of 3rd period - Snap shot by Riley Stillman.
14:15 of 3rd period - Stopped by Karel Vejmelka with a rebound.
14:17 of 3rd period - Snap shot by Gabriel Vilardi.
14:17 of 3rd period - Stopped by Karel Vejmelka without a rebound.
14:18 of 3rd period - Zack Kassian wins face-off versus Ryan McLeod in Edmonton Oil Kings zone.
15:13 of 3rd period - Slapshot by Dysin Mayo.
15:13 of 3rd period - Deflect By Brendan Gallagher.
15:13 of 3rd period - Stopped by Lukas Dostal with a rebound.
15:15 of 3rd period - Wrist shot by Dawson Mercer.
15:15 of 3rd period - Shot Blocked by Darren Helm.
15:17 of 3rd period - Slapshot by Jack Johnson.
15:17 of 3rd period - Shot Hit the Post.
15:19 of 3rd period - Wrist shot by Dawson Mercer.
15:19 of 3rd period - Stopped by Lukas Dostal with a rebound.
15:21 of 3rd period - Slapshot by Dysin Mayo.
15:21 of 3rd period - Deflect By Brendan Gallagher.
15:21 of 3rd period - Stopped by Lukas Dostal without a rebound.
15:22 of 3rd period - Logan Brown wins face-off versus Tyler Angle in Long Beach Ice Dogs zone.
15:36 of 3rd period - Wrist shot by Logan Brown.
15:36 of 3rd period - Shot Misses the Net.
15:38 of 3rd period - Slapshot by Riley Stillman.
15:38 of 3rd period - Stopped by Karel Vejmelka with a rebound.
17:11 of 3rd period - Filip Zadina is hit by Mark Pysyk and loses puck.
17:47 of 3rd period - Snap shot by Connor McMichael.
17:47 of 3rd period - Stopped by Lukas Dostal without a rebound.
17:48 of 3rd period - Logan Brown wins face-off versus Tyler Angle in Long Beach Ice Dogs zone.
18:00 of 3rd period - Wrist shot by Libor Hajek.
18:00 of 3rd period - Shot Misses the Net.
18:02 of 3rd period - Slapshot by Libor Hajek.
18:02 of 3rd period - Stopped by Lukas Dostal without a rebound.
18:03 of 3rd period - Shane Bowers wins face-off versus Filip Zadina in Long Beach Ice Dogs zone.
18:29 of 3rd period - Mathieu Olivier is hit by Tyler Angle and loses puck.
18:55 of 3rd period - Snap shot by Dillon Dube.
18:55 of 3rd period - Shot Misses the Net.
18:57 of 3rd period - Wrist shot by Jack Johnson.
18:57 of 3rd period - Stopped by Lukas Dostal without a rebound.
18:58 of 3rd period - Travis Green call a timeout for Edmonton Oil Kings.
18:58 of 3rd period - Gabriel Vilardi wins face-off versus Ryan McLeod in Long Beach Ice Dogs zone.
Goals for this period are 2 for Long Beach Ice Dogs vs 0 for Edmonton Oil Kings.
Shots for this period are 19 for Long Beach Ice Dogs vs 14 for Edmonton Oil Kings.
Back to the Top